 Dungeon Crawl Stone Soup version 0.20-a0-277-g7db01f4 (webtiles) character file.

93 Ijustatesigmund the Chopper (level 4, 0/41 HPs)
             Began as a Hill Orc Monk on Dec 12, 2016.
             Slain by a scorpion (4 damage)
             ... on level 4 of the Dungeon.
             The game lasted 00:08:18 (2726 turns).

Ijustatesigmund the Chopper (Hill Orc Monk)         Turns: 2726, Time: 00:08:20

Health: 0/41       AC:  3    Str: 13    XL:     4   Next: 62%
Magic:  4/4        EV: 12    Int: 10    God:
Gold:   97         SH:  5    Dex: 14    Spells: 3/3 levels left

rFire  . . .     SeeInvis .     a - +0 hand axe
rCold  . . .     Gourm    .     b - +0 robe
rNeg   . . .     Faith    .     f - +1 buckler
rPois  .         Spirit   .     (no helmet)
rElec  .         Reflect  .     (no cloak)
rCorr  .         Harm     .     h - +0 pair of gloves
MR     .....                    (no boots)
Stlth  ++........               (no amulet)
                                (no ring)
                                (no ring)

@: lethally poisoned (0 -> -8), very slightly contaminated, invisible (expiring)
A: no striking features
a: no special abilities


You were on level 4 of the Dungeon.
You were hungry.

You visited 1 branch of the dungeon, and saw 4 of its levels.

You collected 97 gold pieces.

Inventory:

Hand Weapons
 a - a +0 hand axe (weapon)
Armour
 b - a +0 robe (worn)
 f - a +1 buckler (worn)
 h - a +0 pair of gloves (worn)
 q - a +0 ring mail
Jewellery
 k - an uncursed amulet of the gourmand {unknown}
Scrolls
 i - a scroll of enchant armour
 j - a scroll of blinking {unknown}
 m - a scroll of immolation {unknown}
 p - a scroll of magic mapping {unknown}
Potions
 d - a potion of mutation {unknown}
 e - a potion of curing
 g - a potion of cancellation {unknown}
 l - a potion of agility {unknown}
 o - 2 potions of flight {unknown}
Comestibles
 c - 2 bread rations


   Skills:
 + Level 4.5 Fighting
 * Level 5.7 Axes
 - Level 2.4 Dodging
 - Level 1.5 Stealth
 + Level 1.6 Shields


You had 3 spell levels left.
You didn't know any spells.

Dungeon Overview and Level Annotations

Branches:
Dungeon (4/15)
 Temple: D:4-7

Altars:
Ashenzari
Trog

Annotations:
D:3 Terence


Message History

You are too injured to fight recklessly!
You are too injured to fight recklessly!
You are too injured to fight recklessly!
You are too injured to fight recklessly!
You are too injured to fight recklessly!
You are too injured to fight recklessly!
You are too injured to fight recklessly!
You are too injured to fight recklessly!
You are too injured to fight recklessly!
You are too injured to fight recklessly!
You are too injured to fight recklessly!
You are too injured to fight recklessly!
You are too injured to fight recklessly!
You catch the helpless scorpion completely off-guard!
You hit the scorpion but do no damage.
The scorpion is moderately wounded.
You flicker for a moment.
* * * LOW HITPOINT WARNING * * *
You feel sick. The scorpion stings you.
You die...

#........#
........#
.......#
......#####
#.(........
#<.........
#..........
#..........
#..@.......
#...s......
#..........
#..........
#..........
#########..
.


You could see a scorpion.

Vanquished Creatures
  2 adders
  A gnoll (D:2)
  2 worms (D:2)
  2 dart slugs
  3 leopard geckos
  3 orcs
  7 bats
  6 goblins
  3 hobgoblins
  4 jackals (D:1)
  7 kobolds
  A quokka (D:1)
  2 ball pythons (D:1)
  4 frilled lizards
  4 rats
51 creatures vanquished.

Notes
Turn   | Place    | Note
-------+----------+-------------------------------------------
     0 | D:1      | Ijustatesigmund the Hill Orc Monk began the quest for the Orb.
     0 | D:1      | Reached XP level 1. HP: 19/19 MP: 1/1
   209 | D:1      | Reached XP level 2. HP: 22/27 MP: 2/2
   927 | D:1      | Reached XP level 3. HP: 32/33 MP: 3/3
  1022 | D:1      | Reached skill level 5 in Axes
  1160 | D:1      | Found a shattered altar of Ashenzari.
  1707 | D:2      | Reached skill level 1 in Shields
  1919 | D:2      | Reached XP level 4. HP: 22/40 MP: 4/4
  2095 | D:2      | Found a bloodstained altar of Trog.
  2161 | D:3      | Noticed Terence
  2726 | D:4      | Slain by a scorpion

Vault maps used:
D:1:      saegor_arrival_simple_b, ashenzari_altar_1
D:2:      lemuel_round_altar
D:3:      kennysheep_big_flooded_room, first_bread, uniq_terence, uniq_iyjb,
          uniq_sigmund, uniq_natasha, uniq_grinder
D:4:      lemuel_castle_with_subvaults, roderic_filled_cross,
          hangedman_decor_points

Skill      XL: |  1  2  3 |
---------------+----------+-----
Fighting       | 4 |  4.5
Axes           | 5 |  5.7
Shields        | 1 |  1.6
Dodging        | |  2.4
Stealth        | |  1.5

Action                   |  1- 3 |  4- 6 || total
-------------------------+-------+-------++-------
Melee: Hand axe          |   125 |    61 ||   186
  Use: Scroll            |     6 |       ||     6
       Potion            |       |     2 ||     2
 Stab: Sleeping          |     2 |     2 ||     4
       Distracted        |     1 |     1 ||     2
       Invisible         |       |     1 ||     1
  Eat: Chunk             |     3 |     2 ||     5
Armor: Robe              |    34 |    22 ||    56
Dodge: Dodged            |   109 |    46 ||   155
Block: Buckler           |    16 |    21 ||    37
